 Dungeon Crawl Stone Soup version 0.27-a0-1612-gde56a17b89 (webtiles) character file.

Game seed: 7373674366146370667

95 bande the Shield-Bearer (level 4, -1/29 HPs)
             Began as a Gargoyle Fighter on July 21, 2021.
             Splashed by a jelly's acid (10 damage)
             ... on level 4 of the Dungeon.
             The game lasted 00:02:49 (2444 turns).

bande the Shield-Bearer (Gargoyle Fighter)          Turns: 2444, Time: 00:02:49

Health: -1/29      AC:  2    Str: 20    XL:     4   Next: 65%
Magic:  4/4        EV:  7    Int:  8    God:
Gold:   101        SH: 10    Dex: 10    Spells: 3/3 levels left

rFire    . . .     SeeInvis .   a - +0 war axe
rCold    . . .     Faith    .   c - +1 kite shield
rNeg     + . .     Spirit   .   b - +0 scale mail
rPois    ∞         Reflect  .   (no helmet)
rElec    +         Harm     .   (no cloak)
rCorr    .         Rampage  .   (no gloves)
Will     .....                  (no boots)
Stlth    ..........             (no amulet)
HPRegen  0.09/turn              (no ring)
MPRegen  0.09/turn              (no ring)

@: corroded
A: sickness immunity, AC +3, negative energy resistance 1, electricity
resistance, torment resistance 1, petrification resistance
a: no special abilities


You were on level 4 of the Dungeon.
You visited 1 branch of the dungeon, and saw 4 of its levels.

You collected 101 gold pieces.

Inventory:

Hand Weapons
 a - a +0 war axe (weapon)
Missiles
 k - 2 throwing nets (quivered)
Armour
 b - a +0 scale mail (worn)
 c - a +1 kite shield (worn)
Scrolls
 e - 3 scrolls of identify
 i - a scroll of noise {unknown}
 j - a scroll of magic mapping {unknown}
 l - a scroll of amnesia {unknown}
Potions
 d - 2 potions of might
 f - a potion of invisibility
 g - 2 potions of curing
 h - 2 potions of degeneration {unknown}


   Skills:
 + Level 3.8 Fighting
 + Level 2.7 Axes
 + Level 3.8 Armour
 + Level 0.8 Dodging
 + Level 4.0 Shields


You had 3 spell levels left.
You didn't know any spells.
Your spell library was empty.

Dungeon Overview and Level Annotations

Branches:
Dungeon (4/15)
 Temple: D:4-7

Altars:
Qazlal
Yredelemnul


Innate Abilities, Weirdness & Mutations

You are immune to sickness and miasma.
Your stone body is resilient. (AC +3)
You are immune to poison.
You resist negative energy. (rN+)
You are resistant to electric shocks. (rElec)
You are resistant to unholy torment.
You are immune to petrification.


Message History

No target in view!
No target in view!
No target in view!
No target in view!
No target in view!
No target in view!
You are caught in the web!
There is a web here.
You disentangle yourself.
You pick your way through the web.
There is a web here.
Done exploring.
Done exploring.
You pick your way through the web.
There is a web here.
You are caught in the web!
There is a web here.
You struggle to detach yourself from the web.
You disentangle yourself.
There is an open door here.
Done exploring.
There is a stone staircase leading down here.
Done exploring.
You climb downwards.
There is a stone staircase leading up here.
A jelly comes into view.
The jelly quivers.
Found a stone staircase leading up.
The jelly barely misses you.
You hit the jelly. The acid corrodes you!
Your hands burn!
The jelly is moderately wounded.
The jelly barely misses you. The jelly hits you but does no damage.
You hit the jelly. The acid corrodes you!
Your hands burn!
The jelly is severely wounded.
The jelly hits you.
You are splashed with acid!
You block the jelly's attack.
You are too injured to fight recklessly!
You are too injured to fight recklessly!
You hit the jelly.
Your hands burn!
The jelly is almost dead.
The jelly hits you. The acid corrodes you!
You are splashed with acid!
You die...

#. ...# ... ...#
###.# #.. .... ...
###.###.##
.....#..# ###
#.###.#.#.##....<
#........@J......
#.#####.#.####.###.
#......<.....#
#########.##.# ...#
# ####


You could see a jelly.

Vanquished Creatures
  An iguana (D:3)
  2 adders
  2 worms
  4 ball pythons
  5 endoplasms
  8 giant cockroaches
  3 goblins (D:1)
  2 hobgoblins
  4 jackals (D:1)
  2 bats (D:1)
  3 frilled lizards
  5 kobolds
  A spectral orc (D:3)
42 creatures vanquished.

Notes
Turn   | Place    | Note
-------+----------+-------------------------------------------
     0 | D:1      | bande the Gargoyle Fighter began the quest for the Orb.
     0 | D:1      | Reached XP level 1. HP: 14/14 MP: 1/1
   216 | D:1      | Reached XP level 2. HP: 19/19 MP: 2/2
   799 | D:2      | Reached XP level 3. HP: 23/23 MP: 3/3
  1199 | D:2      | Found a faded altar of an unknown god.
  1825 | D:3      | Reached XP level 4. HP: 29/29 MP: 4/4
  1935 | D:3      | Found a stormy altar of Qazlal.
  2242 | D:3      | Reached skill level 4 in Shields
  2369 | D:3      | Found a basalt altar of Yredelemnul.
  2444 | D:4      | Splashed by a jelly's acid

Illustrated notes

Levels and vault maps discovered:
D:1:      heliophobic_arrival_henge, layout_rooms, serial_forest,
          infiniplex_forest_straight_3, infiniplex_forest_straight_1,
          infiniplex_forest_lined_room_2, infiniplex_forest_clump_curved,
          infiniplex_forest_straight_3, infiniplex_forest_diagonal,
          infiniplex_forest_lined_room_
D:2:      layout_loops_ring, shapermc_ecumenical_altar_mp_highgroup
D:3:      layout_loops_cross, yredelemnul_forgotten_temple_becter,
          overflow_temple_1_default
D:4:      layout_basic, minmay_temple_entry_large_hall

Skill      XL: |  1  2  3  4 |
---------------+-------------+-----
Axes           | 2 |  2.7
Shields        | 4 |  4.0
Fighting       | |  3.8
Armour         | |  3.8
Dodging        | |  0.8

Action                   |  1- 3 |  4- 6 || total
-------------------------+-------+-------++-------
Melee: War axe           |   129 |    27 ||   156
  Use: Scroll            |     5 |       ||     5
Armor: Scale mail        |    68 |    10 ||    78
Dodge: Dodged            |    62 |     8 ||    70
Block: Kite shield       |    88 |    11 ||    99

Table legend: (Time is in decaauts)
 A = Elapsed time spent in this place.
 B = Non-inter-level travel time spent in this place.
 C = Inter-level travel time spent in this place.
 D = Time resting spent in this place.
 E = Time spent auto-exploring this place.
 F = Levels seen in this place.
 G = Mean time per level.
                   A        B        C        D        E       F      G
               +--------+--------+--------+--------+--------+-----+--------+
         Total |   2540 |   2540 |      0 |    230 |   1855 |   4 |  635.0 |
       Dungeon |   2540 |   2540 |      0 |    230 |   1855 |   4 |  635.0 |
               +--------+--------+--------+--------+--------+-----+--------+

Top non-repeatable levels by time:
     D:3: 977 daAuts
     D:1: 789 daAuts
     D:2: 764 daAuts
     D:4: 8 daAuts
